 Dungeon Crawl Stone Soup version 0.30.1-4-g462c640d31 (webtiles) character file.

Game seed: 12467833719422309500

564 Arctor the Chiller (level 7, -3/36 HPs)
             Began as a Deep Elf Ice Elementalist on Sept 15, 2023.
             Was an Initiate of Vehumet.
             Slain by a phantom (7 damage)
             ... on level 5 of the Dungeon.
             The game lasted 00:10:50 (5865 turns).

Arctor the Chiller (Deep Elf Ice Elementalist)      Turns: 5865, Time: 00:10:51

Health: -3/36      AC:  5    Str:  5    XL:     7   Next: 10%
Magic:  1/17       EV: 14    Int: 22    God:    Vehumet [......]
Gold:   281        SH:  0    Dex: 15    Spells: 4/17 levels left

rFire   . . .        c - +0 dagger
rCold   . . .        (no shield)
rNeg    . . .        a - +1 robe
rPois   .            n - +0 helmet
rElec   .            (no cloak)
rCorr   .            g - +0 pair of gloves
SInv    .            (no boots)
Will    .....        (no amulet)
Stlth   +++          (no ring)
HPRegen 0.26/turn    (no ring)
MPRegen 0.15/turn

%: no passive effects
@: no status effects
A: no striking features
a: Renounce Religion


You were on level 5 of the Dungeon.
You worshipped Vehumet.
Vehumet was noncommittal.
You visited 2 branches of the dungeon, and saw 6 of its levels.
You also visited: Sewer.

You collected 281 gold pieces.

Inventory:

Hand Weapons
 c - a +0 dagger (weapon)
 s - the +6 dagger of Xeimu {antimagic, rPois}
   (You found it on level 4 of the Dungeon)

   rPois:     It protects you from poison.
Missiles
 m - 3 javelins (quivered)
 u - a throwing net
Armour
 a - a +1 robe (worn)
 g - a +0 pair of gloves (worn)
 n - a +0 helmet (worn)
Wands
 t - a wand of flame (6)
Scrolls
 d - 2 scrolls of magic mapping
 e - 2 scrolls of teleportation
 f - a scroll of fog
 h - a scroll of amnesia
 i - 2 scrolls of enchant weapon {unknown}
 j - a scroll of summoning {unknown}
 l - a scroll of noise
 q - a scroll of blinking {unknown}
Potions
 b - a potion of magic
 o - 3 potions of berserk rage {unknown}
 p - a potion of resistance {unknown}
 r - a potion of brilliance


   Skills:
 + Level 5.1 Dodging
 + Level 5.3 Stealth
 + Level 5.6 Spellcasting
 + Level 1.1 Summonings
 + Level 6.0 Ice Magic


You had 4 spell levels left.
You knew the following spells:

 Your Spells              Type           Power      Damage    Failure   Level
a - Freeze                Ice            100%       1d10      1%          1
b - Frozen Ramparts       Ice            64%        1d10      2%          3
c - Summon Ice Beast      Ice/Summ       21%        N/A       22%         4
d - Ozocubu's Armour      Ice            32%        N/A       2%          3
e - Ensorcelled Hibernat  Hex/Ice        38%        N/A       4%          2

Your spell library contained the following spells:

 Spells                   Type           Power      Damage    Failure   Level
 Passwall                 Tmut/Erth      5%         N/A       14%         2
 Swiftness                Air            6%         N/A       28%         3


Dungeon Overview and Level Annotations

Branches:
Dungeon (5/15)             Temple (1/1) D:5           Sewer (visited)

Altars:
Ashenzari
Cheibriados
Dithmenos
Elyvilon
Fedhas
Gozag
Kikubaaqudgha
Makhleb
Okawaru
Qazlal
Ru
Sif Muna
Trog
Vehumet
Xom
Zin
The Shining One


Message History

Your ice beast hits the phantom but does no damage.
You miss the phantom. Your punch misses the phantom.
The phantom is almost destroyed.
The phantom hits you.
The phantom blinks!
You blink.
Your icy armour cracks and falls away as you move.
You closely miss the phantom.
The phantom is almost destroyed.
The phantom hits you.
* * * LOW HITPOINT WARNING * * *
You barely miss the phantom.
The phantom is almost destroyed.
The phantom closely misses you.
Casting: Ozocubu's Armour (dangerous; 2% risk of failure)
Confirm with . or Enter, or press ? or * to list all spells.
Aiming: Ensorcelled Hibernation (safe; 4% risk of failure)
Press: ? - help, Shift-Dir - straight line, f - gnoll, p - phantom
Aim: a gnoll, wielding a +0 whip (chance to affect: 61%)
The gnoll looks drowsy...
The phantom misses you.
Unknown command.
You closely miss the phantom.
The phantom is almost destroyed.
The phantom closely misses you.
You miss the phantom.
The phantom is almost destroyed.
The phantom barely misses you.
You closely miss the phantom.
The phantom is almost destroyed.
The phantom hits you.
* * * LOW HITPOINT WARNING * * *
You hit the phantom.
The phantom is almost destroyed.
Your ice beast disappears in a puff of smoke!
The phantom hits you.
* * * LOW HITPOINT WARNING * * *
The phantom blinks!
You blink.
You miss the phantom.
The phantom is almost destroyed.
The phantom closely misses you. The phantom attacks as you move away!
The phantom hits you!
You die...

###.###.####
#......###.... #...#
#....# ####...# #####
#.#.###.##.# #####
#.#.....##.#
#.###.####.#
#.###.8>8#.######
######....ยง#.........#
.......>.....g...###.#
#### ######..####.##@W#
##... #..# #.##..#
#..#. ###..####.##..#
#....
#####....)........#
#.#######.#.#
g()...##.########.#
#.#.....?.#.#
.........# #.#
#.#.#######.#
####.##### #.# #(#.#
#.# #.# #.# #.#.# #.#
###.## #.# #.#.# #.#


You could see a phantom and a gnoll (asleep).

Vanquished Creatures
  2 kobold brigands (Sewer)
  A scorpion (D:4)
  A howler monkey (D:5)
  An orc priest (D:3)
  A hound (D:5)
  2 iguanas
  8 adders
  4 river rats (Sewer)
  A shadow imp (D:5)
  2 worms (D:2)
  2 dart slugs (D:3)
  3 orcs (D:3)
  10 ball pythons
  7 endoplasms
  10 giant cockroaches
  7 hobgoblins
  5 jackals
  6 quokkas
  8 bats
  7 frilled lizards
  8 goblins
  3 kobolds
  6 rats
105 creatures vanquished.

Notes
Turn   | Place    | Note
-------+----------+-------------------------------------------
     0 | D:1      | Arctor the Deep Elf Ice Elementalist began the quest for
                  | the Orb.
     0 | D:1      | Reached XP level 1. HP: 10/10 MP: 6/6
   136 | D:1      | Reached XP level 2. HP: 14/15 MP: 2/8
   510 | D:1      | Found a faded altar of an unknown god.
   558 | D:1      | Reached XP level 3. HP: 19/19 MP: 7/10
   562 | D:1      | Learned a level 3 spell: Frozen Ramparts
  1199 | D:2      | Reached XP level 4. HP: 24/24 MP: 9/11
  1501 | D:2      | Learned a level 4 spell: Summon Ice Beast
  1505 | D:2      | Learned a level 3 spell: Ozocubu's Armour
  1627 | D:2      | Reached skill level 5 in Ice Magic
  2453 | D:3      | Reached XP level 5. HP: 12/28 MP: 8/13
  2812 | D:3      | Found a burning altar of Makhleb.
  2994 | D:4      | Found a white marble altar of Elyvilon.
  3000 | D:4      | Identified the +6 dagger of Xeimu {antimagic, rPois}
  3137 | D:4      | Found a glowing drain.
  3150 | Sewer    | Entered a sewer
  3241 | Sewer    | Reached XP level 6. HP: 12/32 MP: 7/15
  3500 | Sewer    | Reached skill level 5 in Spellcasting
  3699 | Sewer    | Reached skill level 5 in Stealth
  4224 | D:4      | Learned a level 2 spell: Ensorcelled Hibernation
  4542 | D:4      | Found a sacrificial altar of Ru.
  5023 | D:5      | Entered Level 5 of the Dungeon
  5211 | D:5      | Reached skill level 5 in Dodging
  5523 | D:5      | Found a staircase to the Ecumenical Temple.
  5529 | D:5      | Reached XP level 7. HP: 36/36 MP: 12/17
  5557 | Temple   | Entered the Ecumenical Temple
  5765 | Temple   | Became a worshipper of Vehumet
  5810 | D:5      | Reached skill level 1 in Summonings
  5810 | D:5      | Reached skill level 6 in Ice Magic
  5865 | D:5      | Slain by a phantom

Illustrated notes

Levels and vault maps discovered:
D:1:      erik_arrival_blinker_ship, layout_loops_cross,
          chequers_ecumenical_altar_simple_redux
D:2:      layout_rooms, serial_bayou_ford_a, kennysheep_cluttered_room,
          minmay_strange_pillars, solitary_fountain, minmay_split_cup_large
D:3:      layout_loops_cross, lightli_temple_of_fire
D:4:      layout_layer_cave, mainiacjoe_overflow_cross_hatched,
          elyvilon_altar_4, portal_sewer_entry_f, moated_statue
D:5:      layout_loops_ring, temple_statues, minmay_checkerbox
Temple:   dpeg_chambers_temple

Skill      XL: |  1  2  3  4  5  6  7 |
---------------+----------------------+-----
Stealth        | 3 4 5 |  5.3
Dodging        | 3 4 5 |  5.1
Spellcasting   | 4 5 |  5.6
Ice Magic      | 5 6 |  6.0
Summonings     | 1 |  1.1

Action                     |  1- 3 |  4- 6 |  7- 9 || total
---------------------------+-------+-------+-------++-------
  Melee: Unarmed           |    18 |       |       ||    18
         Dagger            |    35 |   143 |    27 ||   205
         Punch             |       |     2 |       ||     2
   Cast: Freeze            |    45 |    53 |     6 ||   104
         Frozen Ramparts   |     2 |    16 |     3 ||    21
         Ensorcelled Hiber |       |     4 |     1 ||     5
         Ozocubu's Armour  |       |     1 |     1 ||     2
         Summon Ice Beast  |       |       |     1 ||     1
    Use: Scroll            |       |     9 |       ||     9
         Potion            |       |     5 |     1 ||     6
   Stab: Sleeping          |     3 |     5 |       ||     8
 Armour: Robe              |    28 |    39 |    17 ||    84
  Dodge: Dodged            |    88 |   154 |    23 ||   265
